Cogmind - Beta 14 @@@ ROGUE MODE // 2024.09.03 @ 15:02:35 Player: LEWiKK Result: Destroyed by G-50 Soldier with Heavy Laser Performance ------------- Evolutions (5) 2500 Regions Visited (5) 1000 Robots Destroyed (53) 265 Value Destroyed (1550) 1550 Prototype IDs (13) 260 Alien Tech Used (0) 0 Bonus (-540) -540 TOTAL SCORE: 5035 Bonus ------- High Alert Combat Kills 129 Follower Combat Kills 700 Registered with UFD 300 Friendly Fire -1669 Cogmind --------- Core Integrity 0/1000 Matter 129/300 Energy 315/420 System Corruption 13% Temperature Warning (334) Movement Treading (320) Ox2 Location -5/Factory Parts ------- > --- POWER (2) -------- Light Neutrino Core Enhanced Fission Core > --- PROPULSION (4) --- Medium Treads Medium Treads Wheel > --- UTILITY (7) ------ High-capacity Storage Unit Improved Targeting Computer Advanced Targeting Computer Advanced Targeting Computer Improved Target Analyzer > --- WEAPON (4) ------- Mass Driver Long-range Missile Launcher Powered Hammer (fused) Chainsword > --- INVENTORY (20) --- Faulty Enhanced Fission Core Faulty Enhanced Fission Core Compact Wheel Launcher Guidance Computer Improved Light Armor Plating Improved Light Armor Plating Improved Medium Armor Plating Heavy Laser Long-range Proton Cannon Advanced Plasma Cannon Peak State ------------ > --- POWER ------------ Nuclear Core Light Fission Core > --- PROPULSION ------- Medium Treads Improved Medium Treads Improved Medium Treads Overtuned Medium Treads > --- UTILITY ---------- Scrap Suit Large Storage Unit Advanced Targeting Computer Hardened Heavy Armor Plating Reflective Plating > --- WEAPON ----------- Lightning Gun Overtuned Beamcaster Heavy Missile Launcher Powered Hammer > --- INVENTORY -------- Light Nuclear Core Improved Targeting Computer Advanced Targeting Computer Launcher Guidance Computer Improved Target Analyzer Improved Light Armor Plating Overtuned Railgun Shock Bomb Launcher [Rating: 72] Favorites ----------- Power Ion Engine Engine Ion Engine Power Core Light Nuclear Core Propulsion Light Treads Treads Light Treads Leg Aluminum Leg Wheel Compact Wheel Utility Large Storage Unit Device V3-11A's Pendant Storage Large Storage Unit Processor Advanced Targeting Computer Protection Layered Light Armor Plating Weapon Powered Hammer Energy Gun Small Laser Ballistic Gun Light Assault Rifle Ballistic Cannon Mass Driver Launcher Mini Grenade Launcher Impact Weapon Powered Hammer Slashing Weapon Chainsword Build | -11 -10 -10 -7 -7 -5 ------- Run | Yrd Mat Sub Rec Scr Fac Slots Evolved 10 | . . . . . 10 Power 1 | . . . . . 1 Propulsion 2 | . . . . . 2 Utility 5 | . . . . . 5 Weapon 2 | . . . . . 2 Parts Attached 77 | . 4 8 8 15 42 Power 8 | . . 1 2 1 4 Engine 3 | . . 1 2 . . Core 5 | . . . . 1 4 Reactor . | . . . . . . Propulsion 26 | . 2 1 2 6 15 Treads 19 | . 2 1 1 6 9 Leg . | . . . . . . Wheel 7 | . . . 1 . 6 Hover . | . . . . . . Flight . | . . . . . . Utility 23 | . 2 2 1 4 14 Device 5 | . 1 2 . 1 1 Storage 4 | . 1 . . 2 1 Processor 4 | . . . . . 4 Hackware . | . . . . . . Protection 10 | . . . 1 1 8 Artifact . | . . . . . . Weapon 20 | . . 4 3 4 9 Energy Gun 3 | . . . . 1 2 Energy Cannon . | . . . . . . Ballistic Gun 5 | . . 2 1 . 2 Ballistic Cannon 1 | . . . . . 1 Launcher 7 | . . 2 1 1 3 Special Weapon . | . . . . . . Impact Weapon 3 | . . . 1 2 . Slashing Weapon 1 | . . . . . 1 Piercing Weapon . | . . . . . . Special Melee Weapon . | . . . . . . Unidentified Prototypes 3 | . . 1 . . 2 Parts Lost 31 | . . 1 3 . 27 Power 4 | . . . 1 . 3 Propulsion 10 | . . . 1 . 9 Utility 9 | . . . . . 9 Weapon 8 | . . 1 1 . 6 Highest Loss Streak 8 | . . 1 1 . 8 To Critical Strikes . | . . . . . . Average Slot Usage (%) 91 | . 94 100 91 92 82 Engine 9 | . 14 14 10 11 . Core 1 | . . . . 2 4 Treads 21 | . 27 28 19 24 9 Wheel 2 | . . . 3 1 8 Device 3 | . 8 14 1 . 1 Storage 12 | . 14 14 14 13 4 Processor 3 | . . . . . 18 Protection 8 | . . . 12 12 10 Energy Gun 3 | . 14 8 . . 5 Ballistic Gun 6 | . 14 13 12 . 3 Launcher 6 | . . 5 3 11 1 Impact Weapon 8 | . . . 12 13 5 Peak Build Rating 72 | . 8 11 22 33 72 Average Rating 25 | . 6 9 19 23 55 On Entrance 14 | 6 6 8 11 21 33 Naked Turns 4 | . . . . 4 . Heaviest Build 90 | 10 26 30 41 38 90 Greatest Support 113 | 20 40 40 40 60 113 Greatest Overweight (x) 19 | . . . 1 6 19 Average Overweight (x) . | . . . . . 1 Largest Inventory Capacity 20 | . 15 15 15 15 20 Average Capacity 15 | . 14 15 15 14 18 Most Carried 15 | . 15 15 15 15 15 Average Carried 12 | . 9 14 14 13 7 Final Capacity 20 | 8 15 15 15 15 20 Final Carried 15 | 6 15 15 14 15 10 Class Distribution -------------------- 54% | Commander-Mutant 42% | Mutant 3% | Commander-Tank Dominant Class ---------------- Mutant | -10/Materials Mutant | -10/Subcaves Mutant | -7/Recycling Commander-Mutant | -7/Scraptown Commander-Mutant | -5/Factory Resources | -11 -10 -10 -7 -7 -5 ----------- Run | Yrd Mat Sub Rec Scr Fac Matter Collected 1481 | 200 74 271 132 40 764 Remotely . | . . . . . . Salvage Created 2186 | . 269 108 162 . 1647 Parts 94 | . 15 2 2 . 75 Haulers Intercepted 2 | . 1 . . . 1 Recyclers Shooed 3 | . 1 . . . 2 Parts Field Recycled . | . . . . . . Retrieved Matter . | . . . . . . Parts Self-Destructed 14 | . . 14 . . . Prevented . | . . . . . . Kills | -11 -10 -10 -7 -7 -5 ------- Run | Yrd Mat Sub Rec Scr Fac Combat Hostiles Destroyed 29 | . 5 3 3 . 18 Guns 15 | . 5 2 2 . 6 Cannons 2 | . . . . . 2 AOE 7 | . . 1 . . 6 Classes Destroyed 16 | . 4 2 2 . 8 Worker 8 | . . . . . 8 Builder 1 | . . . . . 1 Tunneler 1 | . . . . . 1 Hauler 2 | . 1 . . . 1 Recycler 4 | . 1 . . . 3 Turret 2 | . . 2 . . . Swarmer 6 | . 3 1 . . 2 Cutter 1 | . . . . . 1 Saboteur 1 | . . . . . 1 Grunt 10 | . 2 1 1 . 6 Brawler 1 | . . . 1 . . Sentry 1 | . . . . . 1 Hunter 6 | . . . 1 . 5 Programmer 3 | . . . . . 3 Subdweller 1 | . . 1 . . . Scrapoid 5 | . . . . . 5 Best Kill Streak 5 | . 2 2 2 . 5 Combat Bots Only 4 | . 2 1 2 . 4 Max Kills in Single Turn 9 | . 1 1 1 . 9 Gunslinging . | . . . . . . Exploded 3 | . . 1 . . 3 Melee . | . . . . . . Uniques/NPCs Destroyed . | . . . . . . Combat | -11 -10 -10 -7 -7 -5 -------- Run | Yrd Mat Sub Rec Scr Fac Hostile Shots Fired 459 | . 45 72 38 . 304 Missed 133 | . 13 30 12 . 78 Damage Taken 5638 | . 279 458 367 . 4534 Core 1203 | . 73 84 37 . 1009 Absorbed by Shields 312 | . . . . . 312 Ignored by Resistances 191 | . . . . . 191 Regen/Repaired (Parts) 20 | . . . . 10 10 Core Remaining (%) 61 | 100 . . . 22 . Volleys Fired 184 | . 34 30 15 . 105 Largest 2 | . 2 2 1 . 2 Hottest 155 | . 60 60 25 . 155 Shots Fired 250 | . 68 39 15 . 128 Gun 203 | . 68 22 15 . 98 Cannon 17 | . . . . . 17 Launcher 30 | . . 17 . . 13 Special . | . . . . . . Kinetic 112 | . 34 13 15 . 50 Thermal 70 | . 34 9 . . 27 Explosive 30 | . . 17 . . 13 Electromagnetic 38 | . . . . . 38 Robot Hit Streak 10 | . 6 9 7 . 10 Robot Miss Streak 5 | . 5 2 3 . 4 Penetration Max . | . . . . . . Secondary Targets 2 | . . . . . 2 Max Gunslinging Chain 1 | . . . . . 1 Shots Hit Robots 146 | . 29 15 11 . 91 Core Hits 88 | . 13 17 2 . 56 Critical Kills 1 | . . . . . 1 Critical Parts Destroyed 3 | . . . 1 . 2 Critical Strikes 13 | . . . 2 . 11 Burn 4 | . . . . . 4 Destroy 1 | . . . . . 1 Blast 3 | . . . . . 3 Smash 4 | . . . 2 . 2 Sever 1 | . . . . . 1 Melee Attacks 24 | . . . 13 . 11 Impact 21 | . . . 13 . 8 Slashing 3 | . . . . . 3 Piercing . | . . . . . . Sneak Attacks 3 | . . . . . 3 Combat Hostiles 1 | . . . . . 1 Follow-up Attacks 2 | . . . . . 2 Damage Inflicted 6046 | . 285 260 237 . 5264 Guns 2097 | . 285 139 165 . 1508 Cannons 363 | . . . . . 363 Explosions 3021 | . . 121 . . 2900 Melee 562 | . . . 72 . 490 Ramming 3 | . . . . . 3 Kinetic 1290 | . 126 60 165 . 939 Thermal 2364 | . 159 79 . . 2126 Explosive 1476 | . . 121 . . 1355 Electromagnetic 351 | . . . . . 351 Impact 402 | . . . 72 . 330 Slashing 160 | . . . . . 160 Piercing . | . . . . . . Highest Corruption 13 | . . . . . 13 Average Corruption 7 | . . . . . 7 Corruption Purged . | . . . . . . Corruption Blocked . | . . . . . . Effects 40 | . . . . . 40 Message Errors 7 | . . . . . 7 Matter Fused 5 | . . . . . 5 Heat Flow Errors 8 | . . . . . 8 Energy Discharges 6 | . . . . . 6 Parts Fused 2 | . . . . . 2 Data Loss (minor) 4 | . . . . . 4 Data Loss (major) 2 | . . . . . 2 Misfires 2 | . . . . . 2 Weapon Failures 4 | . . . . . 4 Overload Shots . | . . . . . . Overflow Damage 469 | . . . 13 . 456 Projectiles 25 | . . . . . 25 Explosions 284 | . . . . . 284 Melee 160 | . . . 13 . 147 Knockbacks 3 | . . . . . 3 Impact 1 | . . . . . 1 Kinetic 2 | . . . . . 2 Secondary . | . . . . . . Self-Inflicted Damage 158 | . . 32 . . 126 Shots 5 | . . 1 . . 4 Rammed 1 | . . . . . 1 Targets Rammed 1 | . . . . . 1 Kicked . | . . . . . . Crushed . | . . . . . . Highest Temperature 868 | . 70 . 66 . 868 Average Temperature 148 | . 24 . 27 . 193 Received Heat Transfer 792 | . 36 165 135 . 456 Effects 54 | . . . . . 54 Shutdowns 7 | . . . . . 7 Energy Bleed 7 | . . . . . 7 Interference 8 | . . . . . 8 Matter Decay 3 | . . . . . 3 Short Circuit 2 | . . . . . 2 Damage (minor) 3 | . . . . . 3 Damage (major) 20 | . . . . . 20 Damage (core) 4 | . . . . . 4 Siege Activations . | . . . . . . Robots Corrupted 5 | . . . 1 . 4 Combat Hostiles 5 | . . . 1 . 4 Parts Fried 1 | . . . . . 1 Impact Corruptions 7 | . . . 2 . 5 Robots Melted . | . . . . . . Combat Hostiles . | . . . . . . Parts Melted 4 | . . . . . 4 Heat Transferred 2670 | . 375 175 . . 2120 Parts Sabotaged . | . . . . . . Parts Stolen . | . . . . . . Parts Stripped . | . . . . . . Power Chain Reactions 1 | . . . . . 1 Alert | -11 -10 -10 -7 -7 -5 ------- Run | Yrd Mat Sub Rec Scr Fac Peak Influence 709 | . 208 . 69 . 709 Initial 66 | . . . 66 . . Average 125 | . 69 . 22 . 250 Maximum Alert Level 3 | . 1 . . . 3 Low Security (%) 80 | . 99 . 100 . 52 Level 1 7 | . . . . . 17 Level 2 12 | . . . . . 30 Level 3 . | . . . . . . Level 4 . | . . . . . . Level 5 . | . . . . . . High Security . | . . . . . . Max Security . | . . . . . . Squads Dispatched 12 | . 1 . . . 11 Investigation 6 | . . . . . 6 Extermination 3 | . . . . . 3 Reinforcement 3 | . 1 . . . 2 Assault . | . . . . . . Garrison . | . . . . . . Intercept . | . . . . . . Searches Triggered . | . . . . . . Construction Impeded . | . . . . . . Haulers Reinforced 1 | . . . . . 1 Active Scanning Responses . | . . . . . . Cargo Convoy Interrupts 1 | . . . . . 1 Stealth | -11 -10 -10 -7 -7 -5 --------- Run | Yrd Mat Sub Rec Scr Fac Distress Signals 1 | . 1 . . . . Communications Jammed . | . . . . . . Distress Signals . | . . . . . . Times Spotted 87 | . 11 21 10 . 45 Peak Tracking Total 14 | . 3 6 5 . 14 Tactical Retreats 8 | . 2 4 1 . 1 Traps | -11 -10 -10 -7 -7 -5 ------- Run | Yrd Mat Sub Rec Scr Fac Traps Triggered 4 | . . . . . 4 Indirectly . | . . . . . . Trap Hack Attempts . | . . . . . . Triggered . | . . . . . . Disarmed 6 | . 6 . . . . Reprogrammed . | . . . . . . Reused . | . . . . . . Traps Extracted . | . . . . . . Installed . | . . . . . . Triggered . | . . . . . . Machines | -11 -10 -10 -7 -7 -5 ---------- Run | Yrd Mat Sub Rec Scr Fac Machines Disabled 13 | . . 3 . . 10 Max in Single Turn 4 | . . . . . 4 Machines Repaired . | . . . . . . Machines Dismantled . | . . . . . . Machines Sabotaged . | . . . . . . Overloaded Fab Kills . | . . . . . . Hacking | -11 -10 -10 -7 -7 -5 --------- Run | Yrd Mat Sub Rec Scr Fac Machines Accessed 23 | . 6 . 7 4 6 Terminals 12 | . 6 . 4 . 2 Fabricators 2 | . . . . . 2 Repair Stations . | . . . . . . Recycling Units 3 | . . . 1 . 2 Scanalyzers . | . . . . . . Garrison Access . | . . . . . . Total Hacks 97 | . 22 . 43 18 14 Successful 69 | . 12 . 33 18 6 Failed 28 | . 10 . 10 . 8 Catastrophic 5 | . . . 2 . 3 Database Lockouts . | . . . . . . Manual 35 | . 15 . 13 . 7 Terminals 45 | . 22 . 18 . 5 Fabricators 7 | . . . . . 7 Repair Stations . | . . . . . . Recycling Units 3 | . . . 1 . 2 Scanalyzers . | . . . . . . Garrison Access . | . . . . . . Terminal Hacks 52 | . 6 . 28 18 . Record 41 | . . . 24 17 . Robot Schematic 1 | . . . 1 . . Prototype ID Bank 2 | . . . 2 . . Alert Level 1 | . . . 1 . . Disarm Traps 1 | . 1 . . . . Transport Status 1 | . 1 . . . . Hauler Manifests 1 | . 1 . . . . Registered Components 1 | . 1 . . . . Zone Layout 2 | . 2 . . . . Derelict Proto ID Bank 1 | . . . . 1 . Fabricator Hacks 3 | . . . . . 3 Load Schematic 2 | . . . . . 2 Build 1 | . . . . . 1 Repair Station Hacks . | . . . . . . Recycling Unit Hacks . | . . . . . . Scanalyzer . | . . . . . . Garrison Access Hacks . | . . . . . . Unauthorized Hacks 14 | . 6 . 5 . 3 Terminals 11 | . 6 . 4 . 1 Botnet 11 | . 6 . 4 . 1 Fabricators . | . . . . . . Repair Stations 2 | . . . . . 2 Recycling Units 1 | . . . 1 . . Recyclers 1 | . . . 1 . . Fedlink 1 | . . . . . 1 Scrapoids 1 | . . . . . 1 Scanalyzers . | . . . . . . Garrison Access . | . . . . . . Data Cores Recovered . | . . . . . . Used . | . . . . . . Hacking Detections 14 | . 6 . 4 . 4 Full Trace Events 4 | . . . 1 . 3 Feedback Events . | . . . . . . Feedback Blocked . | . . . . . . Robot Schematics Acquired 1 | . . . 1 . . Robots Built 3 | . . . . . 3 Authchips . | . . . . . . Time 116 | . . . . . 116 Total Robot Build Rating 9 | . . . . . 9 Part Schematics Acquired . | . . . . . . Parts Built . | . . . . . . Authchips . | . . . . . . Time . | . . . . . . Total Part Build Rating . | . . . . . . Parts Repaired . | . . . . . . Time . | . . . . . . Parts Recycled . | . . . . . . Recycled Matter . | . . . . . . Retrieved Matter . | . . . . . . Retrieved Components . | . . . . . . Parts Scanalyzed . | . . . . . . Part Schematics Acquired . | . . . . . . Parts Damaged . | . . . . . . Bothacking | -11 -10 -10 -7 -7 -5 ------------ Run | Yrd Mat Sub Rec Scr Fac Used RIF Installer . | . . . . . . Robots Hacked . | . . . . . . Non-combat . | . . . . . . Combat . | . . . . . . Robot Hacks Applied . | . . . . . . Relay Couplers Released . | . . . . . . Fabnet Peak Effective % . | . . . . . . Robots Rewired 20 | . . . 20 . . Allies Hacked 2 | . . . . . 2 Hacks Repelled . | . . . . . . Allies | -11 -10 -10 -7 -7 -5 -------- Run | Yrd Mat Sub Rec Scr Fac Total Allies 34 | . . 6 20 . 8 Largest Group 14 | . . 4 14 11 9 Highest-Rated Group 244 | . . 76 217 174 244 Highest-Rated Ally 50 | . . 19 40 40 50 Total Orders . | . . . . . . Ally Attacks 134 | . . 28 21 . 85 Total Damage 3421 | . . 615 461 . 2345 Kills 26 | . . 7 5 . 14 Allies Corrupted . | . . . . . . Allies Melted . | . . . . . . Intel | -11 -10 -10 -7 -7 -5 ------- Run | Yrd Mat Sub Rec Scr Fac Robot Analysis Total . | . . . . . . Derelict Logs Recovered 3 | . . 2 . 1 . Drone Launches . | . . . . . . Drone Recoveries . | . . . . . . Exploration | -11 -10 -10 -7 -7 -5 ------------- Run | Yrd Mat Sub Rec Scr Fac Turns Passed 9030 | . 763 1347 1645 3584 1691 Spaces Moved 4868 | 1 377 767 713 2318 692 Core 27 | . . . . 6 21 Treads 3803 | . 365 767 469 1905 297 Legs 13 | 1 12 . . . . Wheels 1025 | . . . 244 407 374 Hover . | . . . . . . Flight . | . . . . . . Fastest Speed 50 | 120 120 160 100 50 115 Average Speed 164 | 120 158 160 186 152 190 Slowest Speed 1000 | 120 160 160 250 350 1000 Overloaded Moves . | . . . . . . Propulsion Burnouts . | . . . . . . Robots Hopped . | . . . . . . Cave-ins Triggered . | . . . . . . Exploration Rate (%) 51 | 2 59 43 95 92 16 Regions Visited 5 Branch Regions 3 Pre-discovered Areas 1 | . . . . 1 . Known Exits Taken . | . . . . . . Unknown Exits Taken 5 | 1 1 1 1 1 . Scrap Searched 7 | . . . . 7 . Spaces Dug 10 | . . . 10 . . Terrain Destroyed 292 | . . 82 10 . 200 Melee 10 | . . . 10 . . Projectile 46 | . . . . . 46 AOE 236 | . . 82 . . 154 Terrain Rammed . | . . . . . . Walls Destroyed . | . . . . . . Machines Disabled . | . . . . . . Actions | -11 -10 -10 -7 -7 -5 --------- Run | Yrd Mat Sub Rec Scr Fac Total 5630 | . 482 850 993 2373 932 Wait 186 | . 51 33 34 8 60 Move 4863 | . 376 766 712 2317 692 Hop . | . . . . . . Pick Up 67 | . 12 5 13 21 16 Fast Attach 34 | . 2 1 2 11 18 Attach 29 | . . 1 4 2 22 Detach 5 | . 1 . 1 2 1 Swap 14 | . 2 6 2 2 2 Drop 36 | . 4 8 14 10 . Fire 184 | . 34 30 15 . 105 Melee 22 | . . . 13 . 9 Ram . | . . . . . . Kick . | . . . . . . Crush 1 | . . . . . 1 Escape Stasis . | . . . . . . Rewire 189 | . . . 183 . 6 Trap . | . . . . . . Miscellaneous . | . . . . . . Route ------- -11/Scrapyard -10/Materials (discovered 3 exits: [*Mat x2] / [*Sub]) -10/Subcaves (discovered 2 exits: *Mat / *Rec) -7/Recycling (discovered 2 exits: *Fac / *Scr) -7/Scraptown (discovered 2 exits: *Fac x2) -5/Factory History --------- Turn | Location | Event 1 | -11/Scrapyard | Discovered new exit (range 0) 1 | -11/Scrapyard | Entered Materials 230 | -10/Materials | Discovered new exit (range 10) 323 | -10/Materials | Build established: Mutant 432 | -10/Materials | Discovered new exit (range 3) 753 | -10/Materials | Discovered new exit (range 9) 764 | -10/Materials | Entered Subcaves 935 | -10/Subcaves | Learned Materials stockpile data 938 | -10/Subcaves | Identified exit to Materials 978 | -10/Subcaves | Visited triangular shrine 990 | -10/Subcaves | Found Prototype Device 991 | -10/Subcaves | Identified V3-11A's Pendant 996 | -10/Subcaves | Befriended Subdweller 1091 | -10/Subcaves | A swath of the cavern ceiling suddenly collapsed 1333 | -10/Subcaves | Befriended Subdweller 1333 | -10/Subcaves | Befriended Subdweller 1359 | -10/Subcaves | A swath of the cavern ceiling suddenly collapsed 1443 | -10/Subcaves | Befriended Subdweller 1443 | -10/Subcaves | Befriended Subdweller 1567 | -10/Subcaves | Core integrity fell below 50% 1610 | -10/Subcaves | Lost 4 allies 1691 | -10/Subcaves | Shifting Twisted Machinery released Piercing Trap 1783 | -10/Subcaves | Befriended Subdweller 1797 | -10/Subcaves | Shifting Twisted Machinery released Scrap Shield 1844 | -10/Subcaves | Shifting Twisted Machinery released Spk. Treads 1851 | -10/Subcaves | Shifting Twisted Machinery released Sub. Beam Cannon 1985 | -10/Subcaves | Discovered new exit (range 10) 2111 | -10/Subcaves | Entered Recycling 2984 | -7/Recycling | Discovered new exit (range 8) 3209 | -7/Recycling | Lost 4 allies 3687 | -7/Recycling | Lost 3 allies 3700 | -7/Recycling | Scanned before Scraplab entrance 3716 | -7/Recycling | Entered Scraplab 3718 | -7/Recycling | Build established: Commander-Mutant 3728 | -7/Recycling | Discovered new exit (range 2) 3756 | -7/Recycling | Entered Scraptown 3756 | -7/Scraptown | Accompanied by 11 allies 3915 | -7/Scraptown | Delivered V3-11A's Pendant to T0-NE2 in exchange for information 4136 | -7/Scraptown | Visited Comm Corps 4195 | -7/Scraptown | Visited Shadow of the Wyrm 4222 | -7/Scraptown | Visited Junk Repository 4359 | -7/Scraptown | Visited Artisan Demo Area 4452 | -7/Scraptown | Visited IN-MT5's Study 4804 | -7/Scraptown | Scanned Subdweller tech in exchange for log data 4809 | -7/Scraptown | Learned 12 Research zone layouts 4825 | -7/Scraptown | Discovered new exit (range 13) 5159 | -7/Scraptown | Visited UFD Registry 5159 | -7/Scraptown | Registered with UFD as "Pyroslicer" 5201 | -7/Scraptown | Visited Supply Room 5243 | -7/Scraptown | Visited Abandonware Association 5266 | -7/Scraptown | Learned abandonware demo "KABOOM.EXE" 5309 | -7/Scraptown | Visited Science Guys 5365 | -7/Scraptown | Visited LU-1G1's Boring Crew 5496 | -7/Scraptown | Visited Research Penetration Think Tank 5552 | -7/Scraptown | Visited Science Testing Area 5573 | -7/Scraptown | Visited Modified Component R&D 5642 | -7/Scraptown | Visited DA-N13 Charitable Foundation 5672 | -7/Scraptown | Found DCF Scrap (28 items) 5706 | -7/Scraptown | Visited Observation Area 5779 | -7/Scraptown | Visited Chapter 10 5970 | -7/Scraptown | Discovered new exit (range 3) 6557 | -7/Scraptown | Delivered Scrap Shield to a Scientist 6761 | -7/Scraptown | Released all parts (7) 6930 | -7/Scraptown | Found Scrap Suit 7074 | -7/Scraptown | Found Scrap Suit 7340 | -7/Scraptown | Entered Factory 7340 | -5/Factory | Accompanied by 9 allies 7340 | -5/Factory | Evolved 10 slots: Power x1, Propulsion x2, Utility x5, Weapon x2 7571 | -5/Factory | Fabricated C-17 Slicer? 7643 | -5/Factory | Lost 8 allies 7664 | -5/Factory | Lost 8 parts (1p3n2u2w) 7712 | -5/Factory | P-70 Sage assimilated allied Transporter 4b 7713 | -5/Factory | P-70 Sage assimilated allied Angel 4a 7716 | -5/Factory | Core integrity fell below 50% 7740 | -5/Factory | Scrapoid reinforcements arrived 7776 | -5/Factory | Lost 6 parts (1p1n3u1w) 8510 | -5/Factory | Lost 6 allies 8519 | -5/Factory | Lost 3 parts (1n1u1w) 8537 | -5/Factory | Core integrity fell below 20% 8779 | -5/Factory | Build established: Mutant 9020 | -5/Factory | System corruption reached 10% 9022 | -5/Factory | Cargo convoy interrupted 9031 | -5/Factory | Destroyed by G-50 Soldier with Heavy Laser Last Messages --------------- The unstable cave ceiling collapses. K-01 Serf collects debris. P-70 Sage destroyed. K-01 Serf destroyed. P-70 Sage Antigrav System blasted off. P-70 Sage knocked back. ALERT: Cargo convoy interrupted, initiating access lockdown. P-70 Sage destroyed. E-15 Imp destroyed. [Achievement: Oh No You Don't!] H-66 Slayer destroyed. Arm. Medium Treads destroyed. Penetrated by Slug. Imp. Light Armor Plating destroyed. Arm. Wheel destroyed. The unstable cave ceiling collapses. Imp. Light Armor Plating destroyed. Slug penetrates Earth. Overheating: Energy bleed (-105). Map ----- +----------------------------------------------------+ | ????? ?????????????????????????????????????????? | | ????# ?????????????????????????????????????????? | | ????# ?????????????????????????????????????????? | | ????# ?????????????????????????????????????????? | | ????# ?????????????????????????????????????????? | | ????# ?????????????????????????????????????????? | | ????# #????????????????????????????????????????? | | ##??# #????????????????????????????????????????? | | ?# #????????????????????????????????????????? | | ?# #????????????????????????????????????????? | | ? # #?????????????????? ?????????????????????? | | ?? # #?????????????????? ???????????????????? | | ??? " #?????????????????? ????????????????? | | ????# #########?????????? ??????????????? | | ##### ## !!! #????????? *% ! ????????????? | | %# =! #??#?????? #????????????? | | # =! #??# ????? R x #????????????? | | """ + !####+####? ###???????????? | | """ # ## ? #???????????? | | """ # #? ? #???????????? | | ########?? # #???????????? | | """ ######## #???????????? | | """ ! # """"" #???????????? | | """ # ""T"" #???????????? | | % #???????????? | | # @ #???????????? | | % ## #?????????? | | #"## """ ## k #?????????? | | """""" """ ## #?????????? | | " """ ## #?????????? | | " ## ??????????? | | " % #+######### ^ ^ ??????????? | | " #???????# ??????????? | | " #???????#ggg ???????????? | | !% !" #??????? ???????????? | | """""" #??????? """ ????????????? | | " "" #??????? ** """"" ""????????????? | | #??????? * """?????????????????? | | " #??????? ???????????????????? | | ### #??????? ???????????????????? | | ??# #??????? ?????????????????????? | | ??# #?????????????????????????????????? | | ??# #?????????????????????????????????? | | ??# #?????????????????????????????????? | | ??? #?????????????????????????????????? | | ??? ??????????????????????????????????? | | ??? ??????????????????????????????????? | | ???? ???????????????????????????????????? | | ???? ######???????????????????????????????????? | | ???? #????????????????????????????????????????? | +----------------------------------------------------+ Best States ------------- Heat Dissipation 40 Energy Generation 35 Energy Capacity 420 Matter Stores 300 Matter Capacity 300 Sight Range 16 Robot Scan Range 14 Terrain Scan Density 10 Armor Coverage 750 Resistance: TH 10 Resistance: EM 15 Evasion (%) 55 Targeting Accuracy 22 Target Analysis 6 Recoil Reduction 4 Item Schematics ----------------- None Robot Schematics ------------------ C-17 Slicer | -7/Recycling | Hacked Fabricated ------------ C-17 Slicer | x3 | -5/Factory Alien Tech Used ----------------- None Achievements -------------- Collateral Damage Oh No You Don't! Challenges ------------ None Game ------ Seed NullAerolevTerminator Manual? 0 Play Time 01:36:29 Cumulative 57.6 hours Start 2024.09.03 @ 13:20:13 End 2024.09.03 @ 15:02:35 Sessions 1 Manual Loads 0 Difficulty Rogue Special Mode None Game No. 55 Rogue 55 Adventurer 0 Explorer 0 Win Type - Total 2 Types 1/0/0/1/0/0/0/0/0 Lore% 48 Gallery% 37 Achievement% 38 Wizard Run 0 Options --------- Layout 1 ASCII 0 Keyboard 1 Movement Numpad Keybinds 0 Fullscreen 2 Font 20/SmallcapsGlow Map View 54x42 Zoom Use 0% Tactical HUD 0 Map Filters NONE Filters NONE Steam 1 RUN: dfd3c0ba-18fd-4428-b239-75416c80a53a